 Dungeon Crawl Stone Soup version 0.24.0-125-gc4c63601f3 (webtiles) character file.

Game seed: 6806224574222939455, levelgen mode: deterministic

16522 Martska the Fighter (level 12, 0/100 HPs)
             Began as a Demonspawn Fighter on Mar 4, 2020.
             Was an Elder of Makhleb.
             Slain by a death yak (20 damage)
             ... on level 2 of the Lair of Beasts.
             The game lasted 00:33:34 (15640 turns).

Martska the Fighter (Demonspawn Fighter)           Turns: 15640, Time: 00:33:38

Health: 0/100      AC: 12    Str: 20    XL:     12   Next: 10%
Magic:  18/18      EV:  7    Int: 11    God:    Makhleb [****..]
Gold:   637        SH: 10    Dex: 13    Spells: 11/11 levels left

rFire    . . .     SeeInvis .     - Unarmed
rCold    + . .     Gourm    .   b - +0 shield
rNeg     . . .     Faith    .   a - +1 scale mail
rPois    .         Spirit   .   (helmet restricted)
rElec    .         Reflect  .   y - +2 cloak
rCorr    .         Harm     .   (no gloves)
MR       +....                  (no boots)
Stlth    ++........             (no amulet)
HPRegen  0.26/turn              o - ring of flight
MPRegen  0.16/turn              z - ring of protection from magic

@: studying Armour
A: claws 2, horns 1, talons 1, cold resistance 1, nightstalker 2
a: Minor Destruction, Lesser Servant of Makhleb, Major Destruction, Renounce
Religion, Evoke Flight


You were on level 2 of the Lair of Beasts.
You worshipped Makhleb.
Makhleb was greatly pleased with you.
You were not hungry.

You visited 3 branches of the dungeon, and saw 13 of its levels.

You collected 637 gold pieces.

Inventory:

Hand Weapons
 n - a +0 whip of flaming
 x - a +3 quarterstaff of chaos
 A - a +0 short sword of venom
 D - the +8 quarterstaff of the Coward {crush, rC+ SInv}
   (You took it off an orc on level 8 of the Dungeon)

   It inflicts extra damage upon your enemies.
   It protects you from cold.
   It lets you see invisible.
 M - a +7 battleaxe
Missiles
 G - 4 large rocks
Armour
 a - a +1 scale mail (worn)
 b - a +0 shield (worn)
 h - the +2 robe of Free Will {rF- rCorr Str+2 SInv, unknown}
   (You found it on level 6 of the Dungeon)

   It affects your strength (+2).
   It makes you vulnerable to fire.
   It lets you see invisible.
   It provides partial protection from all sources of acid and corrosion.
 u - a +0 buckler
 y - a +2 cloak (worn)
Jewellery
 o - a ring of flight (left claw)
 q - an uncursed ring of magical power
 z - a ring of protection from magic (right claw)
 H - an uncursed ring of ice
 L - a cursed ring of teleportation
Wands
 f - a wand of acid (3)
 E - a wand of enslavement (8)
 J - a wand of random effects (19)
Scrolls
 g - 9 scrolls of teleportation
 j - 5 scrolls of remove curse
 l - 4 scrolls of fear
 s - 5 scrolls of blinking {unknown}
 t - a scroll of magic mapping {unknown}
 B - 3 scrolls of noise {unknown}
 F - 3 scrolls of enchant weapon {unknown}
 I - a scroll of random uselessness {unknown}
 K - a scroll of enchant armour
Potions
 c - 3 potions of curing
 e - 3 potions of mutation
 i - 2 potions of ambrosia
 k - 3 potions of brilliance
 m - a potion of degeneration {unknown}
 p - 2 potions of berserk rage
 r - 2 potions of flight {unknown}
 v - a potion of haste {unknown}
 w - 4 potions of lignification {unknown}
Books
 C - a manual of Armour
Comestibles
 d - 6 rations


   Skills:
 * Level 11.2 Fighting
 + Level 9.4 Armour
 - Level 4.7 Shields
 * Level 10.3 Unarmed Combat
 + Level 8.3 Invocations
 + Level 6.2 Evocations


You had 11 spell levels left.
You didn't know any spells.
Your spell library was empty.

Dungeon Overview and Level Annotations

Branches:
Dungeon (9/15)             Temple (1/1) D:6            Lair (3/6) D:9
 Shoals (0/4) Lair:2
  Snake: Lair:2-4    Spider: Lair:2-4       Orc: D:9-12

Altars:
Ashenzari
Cheibriados
Dithmenos
Elyvilon
Fedhas
Gozag
Hepliaklqana
Kikubaaqudgha
Makhleb
Nemelex Xobeh
Okawaru
Qazlal
Ru
Sif Muna
Trog
Uskayaw
Vehumet
Wu Jian
Xom
Yredelemnul
Zin
The Shining One

Annotations:
D:4 1 runed translucent door, niknal's ghost, amateur TrFi
D:9 1 runed translucent door
Lair:1 exclusion: oklob plant


Innate Abilities, Weirdness & Mutations

You have very sharp fingernails.
You have a pair of small horns on your head.
You have sharp toenails.
Your flesh is cold resistant. (rC+)
You are significantly more attuned to the shadows.


Message History

You headbutt the death yak, but do no damage.
The death yak is lightly wounded.
The death yak gores you but does no damage.
You scratch the death yak but do no damage.
The death yak is lightly wounded.
The death yak barely misses you. The death yak gores you!
You claw the death yak!
You claw the death yak, but do no damage.
The death yak is moderately wounded.
The death yak gores you! The death yak barely misses you.
You mangle the death yak!!
The death yak is heavily wounded.
You block the death yak's attack. The death yak gores you.
You claw the death yak!
You claw the death yak, but do no damage.
The death yak is severely wounded.
The death yak gores you!!
* * * LOW HITPOINT WARNING * * *
The death yak gores you!!
You die...

######..................#........
....#........##.....#####........
.......####......................
.......## ##..........P.....P....
........# #.P##.....)...........
........####..##....#.###........
.....P........##....###.##P......
....#.........##....##P.###P.....
...............Y@....#....##.....
.....#..#.#P...Y....##....##...#.
.....P...####..###..#..†..###....
.........##.........#(......#....
....................#(..#..##....
...................##.###..#.P...
.....#........P....####.#†##P.#..
..............###..P# #.#.##.....
#.†........P.####..## #..........


You could see 2 death yaks.

Vanquished Creatures
  Urug (Lair:3)
  Nergalle (Lair:2)
  A cyclops (D:8)
  An elephant (D:9)
  4 merfolk sirens (Lair:2)
  A black mamba (Lair:3)
  2 spiny frogs (Lair:2)
  A gargoyle (D:6)
  2 rime drakes
  3 komodo dragons (Lair:2)
  4 polar bears (Lair:2)
  A hornet (D:9)
  5 hippogriffs
  A blink frog (Lair:2)
  Sigmund (D:4)
  14 yaks
  A basilisk (D:9)
  5 water moccasins
  4 porcupines
  An orc warrior (D:8)
  3 sky beasts
  7 black bears
  6 ogres
  A phantom (D:8)
  3 wolves
  2 centaurs
  5 crocodiles
  2 big kobolds
  8 bullfrogs
  2 scorpions
  3 wights (D:8)
  2 vampire bats (D:3)
  4 crimson imps
  A bullfrog zombie (D:5)
  A quasit (D:6)
  6 jellies
  A gnoll shaman (D:7)
  6 orc priests
  A hound (D:8)
  8 orc wizards
  Crazy Yiuf (D:6)
  2 bullfrog skeletons (D:5)
  A centaur skeleton (D:9)
  6 iguanas
  9 worker ants
  2 hound zombies
  3 gnolls
  15 adders
  3 shadow imps
  15 oozes
  2 adder zombies
  An adder skeleton (D:6)
  4 dart slugs
  4 leopard geckos
  40 orcs
  4 bat skeletons (D:3)
  2 bat zombies (D:3)
  3 giant cockroaches
  8 goblins
  17 hobgoblins
  10 jackals
  A quokka (D:5)
  3 ball pythons
  11 bats
  6 frilled lizards
  A jackal skeleton (D:8)
  26 kobolds
  A quokka zombie (D:5)
  5 rats
  2 butterflies (D:8)
334 creatures vanquished.

Vanquished Creatures (collateral kills)
  3 blink frogs (Lair:2)
3 creatures vanquished.

Vanquished Creatures (others)
  5 fungi (Lair:1)
5 creatures vanquished.

Grand Total: 342 creatures vanquished

Notes
Turn   | Place    | Note
-------+----------+-------------------------------------------
     0 | D:1      | Martska the Demonspawn Fighter began the quest for the Orb.
     0 | D:1      | Reached XP level 1. HP: 18/18 MP: 1/1
   370 | D:1      | Gained mutation: You have sharp toenails. [demonic
                  | ancestry]
   370 | D:1      | Reached XP level 2. HP: 21/24 MP: 2/2
   555 | D:1      | Gained mutation: You have a pair of small horns on your
                  | head. [demonic ancestry]
   555 | D:1      | Reached XP level 3. HP: 18/29 MP: 3/3
  1122 | D:2      | Found a basalt altar of Yredelemnul.
  1375 | D:2      | Reached XP level 4. HP: 37/37 MP: 4/4
  1802 | D:2      | Found a blossoming altar of Fedhas.
  1976 | D:2      | Reached skill level 4 in Fighting
  2016 | D:2      | Found a white marble altar of Elyvilon.
  2497 | D:2      | Reached XP level 5. HP: 15/42 MP: 5/5
  3508 | D:3      | Gained mutation: You are slightly more attuned to the
                  | shadows. [demonic ancestry]
  3508 | D:3      | Reached XP level 6. HP: 36/49 MP: 6/6
  4136 | D:3      | Found an ancient bone altar of Kikubaaqudgha.
  4296 | D:4      | Noticed Sigmund
  4297 | D:4      | Reached skill level 5 in Fighting
  4478 | D:4      | Found a shadowy altar of Dithmenos.
  4716 | D:4      | Found a white marble altar of Elyvilon.
  4812 | D:4      | Found a runed translucent door.
  4890 | D:4      | Gained mutation: You have sharp fingernails. [demonic
                  | ancestry]
  4890 | D:4      | Reached XP level 7. HP: 56/56 MP: 7/7
  4897 | D:4      | Killed Sigmund
  5046 | D:4      | Noticed niknal's ghost (amateur TrFi)
  5103 | D:5      | Entered Level 5 of the Dungeon
  5296 | D:5      | Reached skill level 5 in Unarmed Combat
  5309 | D:5      | Reached skill level 6 in Fighting
  5451 | D:5      | Gained mutation: You have very sharp fingernails. [demonic
                  | ancestry]
  5451 | D:5      | Reached XP level 8. HP: 64/64 MP: 8/8
  5919 | D:5      | Found a shattered altar of Ashenzari.
  6272 | D:6      | Found a staircase to the Ecumenical Temple.
  6306 | Temple   | Entered the Ecumenical Temple
  6539 | Temple   | Became a worshipper of Makhleb the Destroyer
  6764 | D:6      | Reached skill level 7 in Fighting
  6777 | D:6      | Noticed a gargoyle
  6793 | D:6      | Killed a gargoyle
  6793 | D:6      | Reached skill level 5 in Armour
  6793 | D:6      | Reached skill level 1 in Invocations
  6793 | D:6      | Reached skill level 1 in Evocations
  7149 | D:6      | Got a shadowed robe
  7210 | D:6      | Found a runed translucent door.
  7211 | D:6      | Noticed Crazy Yiuf
  7364 | D:6      | Gained mutation: You are significantly more attuned to the
                  | shadows. [demonic ancestry]
  7364 | D:6      | Reached XP level 9. HP: 52/72 MP: 10/10
  7468 | D:6      | Killed Crazy Yiuf
  8098 | D:7      | Reached * piety under Makhleb
  8567 | D:7      | Reached skill level 8 in Fighting
  8807 | D:7      | Found a glowing silver altar of Zin.
  8949 | D:8      | Identified the +8 quarterstaff of the Coward {crush, rC+
                  | SInv}
  8969 | D:8      | Noticed a cyclops
  8980 | D:8      | Killed a cyclops
  9152 | D:8      | Found a shimmering altar of Xom.
  9213 | D:8      | Reached ** piety under Makhleb
  9258 | D:8      | Reached XP level 10. HP: 81/82 MP: 13/13
  9740 | D:9      | Found a glowing silver altar of Zin.
  9799 | D:9      | Found a snail-covered altar of Cheibriados.
  9829 | D:9      | Paralysed by a hornet for 2 turns
 10166 | D:9      | Found a sparkling altar of Nemelex Xobeh.
 10234 | D:9      | Found a staircase to the Lair.
 10234 | D:9      | Noticed an elephant
 10241 | D:9      | Reached skill level 5 in Invocations
 10259 | D:9      | Killed an elephant
 10259 | D:9      | Reached skill level 9 in Fighting
 10662 | D:9      | Found a runed translucent door.
 10662 | D:9      | Noticed a fire dragon
 10663 | D:9      | Noticed a seven-headed hydra
 10665 | D:9      | Noticed a six-headed hydra
 10666 | D:9      | Noticed a stone giant
 10666 | D:9      | Noticed a spark wasp
 10666 | D:9      | Noticed a fire giant
 10666 | D:9      | Noticed an ice dragon
 10666 | D:9      | Noticed an alligator
 10666 | D:9      | a spark wasp changed into an alligator
 10713 | Lair:1   | Entered Level 1 of the Lair of Beasts
 11503 | Lair:1   | Reached *** piety under Makhleb
 11749 | Lair:1   | Reached XP level 11. HP: 75/90 MP: 15/15
 11767 | Lair:1   | Reached skill level 10 in Fighting
 12162 | Lair:1   | Noticed an oklob plant
 12364 | Lair:2   | Reached skill level 5 in Evocations
 12552 | Lair:2   | Found a staircase to the Shoals.
 12577 | Lair:2   | Noticed Nergalle
 12590 | Lair:2   | Killed Nergalle
 13194 | Lair:2   | Reached **** piety under Makhleb
 13927 | Lair:2   | Reached skill level 10 in Unarmed Combat
 13936 | Lair:2   | Reached skill level 11 in Fighting
 14511 | Lair:2   | HP: 4/93 [komodo dragon (25)]
 14515 | Lair:2   | Gained mutation: Your flesh is cold resistant. (rC+)
                  | [demonic ancestry]
 14515 | Lair:2   | Reached XP level 12. HP: 29/100 MP: 18/18
 14912 | Lair:3   | Noticed Urug
 14920 | Lair:3   | Killed Urug
 15611 | Lair:3   | Noticed a death yak
 15614 | Lair:3   | Noticed a death yak
 15614 | Lair:3   | Noticed a death yak
 15614 | Lair:3   | Noticed a death yak
 15615 | Lair:3   | Noticed a death yak
 15640 | Lair:2   | Slain by a death yak

Levels and vault maps discovered:
D:1:      minmay_arrival_solitary_statue, layout_loops_cross, serial_forest,
          infiniplex_forest_lined_2, infiniplex_forest_clump_long,
          infiniplex_forest_lined_room_, infiniplex_forest_end_2,
          infiniplex_forest_join, infiniplex_forest_straight_4,
          minmay_pentomino_s4
D:2:      layout_loops_ring, kennysheep_ying_yang, fedhas_altar_3, first_ration
D:3:      minmay_chambers_of_twos, layout_loops_ring, kennysheep_vampire_church
D:4:      layout_basic, grunt_dithmenos_smoke_and_mirrors,
          gammafunk_ghost_grave, elyvilon_altar_5, uniq_sigmund
D:5:      layout_cave_pods, marbit_many_paths
D:6:      layout_loops_cross, minmay_temple_entry_junction_2,
          minmay_three_doors, uniq_crazy_yiuf_cottage
D:7:      layout_layer_cave, kennysheep_mini_moat, minmay_manual_mail
D:8:      layout_basic, xom_butterflies
D:9:      minmay_gate_of_8, layout_loops_ring, lemuel_coloured_pillars_altar,
          nemelex_xobeh_ov_fountains_minmay, david_lair_generic, basic_altar
Temple:   minmay_temple_forest_path
Lair:1:   lemuel_slime, layout_gridlike, beast_lair_carwin_9,
          grunt_megastairs_5, lemuel_fruit_fields
Lair:2:   beast_lair_carwin_large_1, layout_gridlike, elwin_shoals_entry_stream,
          serial_bayou_shore_b, uniq_nergalle
Lair:3:   layout_regular_city, uniq_urug

Skill      XL: |  1  2  3  4  5  6  7  8  9 10 11 |
---------------+----------------------------------+-----
Unarmed Combat | 2 3 4 5 6 7 8 10 | 10.3
Armour         | 3 4 5 6 7 9 |  9.4
Shields        | 3 4 |  4.7
Fighting       | 4 5 6 7 8 9 11 | 11.2
Invocations    | 1 4 6 8 |  8.3
Evocations     | 1 3 4 6 |  6.2

Action                   |  1- 3 |  4- 6 |  7- 9 | 10-12 || total
-------------------------+-------+-------+-------+-------++-------
Melee: Unarmed           |   133 |   269 |   370 |   433 ||  1205
       Kick              |    28 |    72 |   112 |   136 ||   348
       Headbutt          |    13 |    44 |    77 |    93 ||   227
Invok: Lesser Servant of |       |       |       |     1 ||     1
Evoke: Wand              |       |       |       |     2 ||     2
  Use: Potion            |     1 |       |     3 |     7 ||    11
       Scroll            |       |       |     7 |     4 ||    11
 Stab: Sleeping          |       |       |     3 |     3 ||     6
  Eat: Chunk             |     1 |     2 |    10 |     4 ||    17
       Ration            |       |     3 |     1 |     5 ||     9
Armor: Scale mail        |    54 |   123 |   138 |   180 ||   495
Dodge: Dodged            |    30 |    83 |    73 |    98 ||   284
Block: Shield            |    47 |   121 |   161 |   187 ||   516
